 Dungeon Crawl Stone Soup version 0.30-a0-702-gdf48620a09 (webtiles) character file.

Game seed: 12814314508060566512

88 bande the Covered (level 4, -23/29 HPs)
             Began as a Gargoyle Fighter on Jan 22, 2023.
             Annihilated by an ogre
             ... wielding a +0 giant club
              (26 damage)
             ... on level 3 of the Dungeon.
             The game lasted 00:01:47 (1558 turns).

bande the Covered (Gargoyle Fighter)                Turns: 1558, Time: 00:01:48

Health: -23/29     AC: 10    Str: 19    XL:     4   Next: 54%
Magic:  4/4        EV:  9    Int:  9    God:
Gold:   109        SH:  4    Dex: 11    Spells: 3/3 levels left

rFire   . . .      SeeInvis .    a - +0 war axe
rCold   . . .      Faith    .    c - +0 buckler
rNeg    + . .      Spirit   .    b - +0 scale mail
rPois   ∞          Reflect  .    (no helmet)
rElec   +          Harm     .    (no cloak)
rCorr   .          Rampage  .    (no gloves)
Will    +....                    (no boots) Stlth
                                 j - amulet of the acrobat
HPRegen 0.24/turn                f - ring of willpower
MPRegen 0.09/turn                (no ring)

@: no status effects
A: sickness immunity, AC +3, negative energy resistance 1, electricity
resistance, torment resistance 1, petrification resistance
a: no special abilities


You were on level 3 of the Dungeon.
You visited 1 branch of the dungeon, and saw 3 of its levels.

You collected 109 gold pieces.

Inventory:

Hand Weapons
 a - a +0 war axe (weapon)
 s - a +0 flail
Armour
 b - a +0 scale mail (worn)
 c - a +0 buckler (worn)
Jewellery
 f - a ring of willpower (left hand)
 j - an amulet of the acrobat (around neck)
 k - an amulet of magic regeneration
 l - a +6 ring of dexterity
Scrolls
 e - a scroll of noise {unknown}
 g - a scroll of teleportation {unknown}
 i - 2 scrolls of fog {unknown}
 o - a scroll of fear {unknown}
 r - a scroll of poison {unknown}
Potions
 d - a potion of might
 h - 2 potions of lignification {unknown}
 m - 2 potions of mutation {unknown}
 n - 2 potions of attraction {unknown}
 p - a potion of degeneration {unknown}
 q - a potion of haste {unknown}


   Skills:
 + Level 3.9 Fighting
 + Level 2.9 Axes
 + Level 4.0 Armour
 + Level 3.7 Shields


You had 3 spell levels left.
You didn't know any spells.
Your spell library was empty.

Dungeon Overview and Level Annotations

Branches:
Dungeon (2/15)

Altars:


Innate Abilities, Weirdness & Mutations

You are immune to sickness and miasma.
Your stone body is resilient. (AC +3)
You are immune to poison.
You resist negative energy. (rN+)
You are resistant to electric shocks. (rElec)
You are resistant to unholy torment.
You are immune to petrification.


Message History

You hit the giant cockroach.
The giant cockroach is lightly wounded.
The giant cockroach bites you.
You slash the giant cockroach!
You kill the giant cockroach!
No target in view!
No target in view!
No target in view!
No target in view!
HP restored.
Found a helmet.
Found 7 stones.
An ogre comes into view. It is wielding a +0 giant club.
The ogre shouts!
A rat comes into view. 2 jackals come into view.
The jackal barks!
You block the ogre's attack.
A jackal comes into view.
The jackal moves out of view.
You slash the ogre!
The ogre is heavily wounded.
The ogre hits you with a +0 giant club!!
Ouch! That really hurt!
* * * LOW HITPOINT WARNING * * *
You are too injured to fight recklessly!
You are too injured to fight recklessly!
You are too injured to fight recklessly!
You are too injured to fight recklessly!
You are too injured to fight recklessly!
You are too injured to fight recklessly!
You are too injured to fight recklessly!
You are too injured to fight recklessly!
You are too injured to fight recklessly!
Unknown command.
You hit the ogre.
The ogre is heavily wounded.
The ogre hits you with a +0 giant club!!
Ouch! That really hurt!
You die...

# # ## .. ##. #
#. ... ... # #.
#.#..# # #####.
#.#..# # .....
..r(.# #
.####.O##.#..#
.....h.@.....###
...h......##...
.......##.##.#
.#.##h.......#
......###.#### .
.### #.# # #.#
####### ###.####
#.....#
#......###
#.###.#


You could see an ogre, 3 jackals and a rat.

Vanquished Creatures
  4 gnolls (D:2)
  2 dart slugs (D:1)
  4 ball pythons (D:1)
  3 bats (D:1)
  6 endoplasms
  A giant cockroach (D:3)
  3 goblins
  2 hobgoblins (D:1)
  7 jackals (D:1)
  3 kobolds
  A quokka (D:1)
  4 frilled lizards
  3 rats
43 creatures vanquished.

Notes
Turn   | Place    | Note
-------+----------+-------------------------------------------
     0 | D:1      | bande the Gargoyle Fighter began the quest for the Orb.
     0 | D:1      | Reached XP level 1. HP: 14/14 MP: 1/1
    48 | D:1      | Reached XP level 2. HP: 19/19 MP: 2/2
   165 | D:1      | Reached XP level 3. HP: 22/24 MP: 3/3
   479 | D:1      | Found a faded altar of an unknown god.
  1307 | D:2      | Reached XP level 4. HP: 20/29 MP: 4/4
  1313 | D:2      | Reached skill level 4 in Armour
  1481 | D:2      | You fall into a shaft and drop 1 floor!
  1554 | D:3      | Noticed an ogre
  1558 | D:3      | Annihilated by an ogre

Illustrated notes

Levels and vault maps discovered:
D:1:      eino_arrival_cavern_b, layout_basic,
          hellmonk_ecumenical_altar_crossroads
D:2:      layout_loops_ring, serial_co_window_serial, co_window_corner_a,
          co_window_paths_a, co_window_corner_a, co_window_corner_a,
          co_window_corner_a, co_window_of_opportunity_a, co_window_2corner,
          co_window_corner_b, co_window_broadway_a, co_window_broadway_b,
          co_window_corner_ca, co_window_corner_ca, co_window_cross_2,
          co_window_paths_e, glass_columns_b, glass_columns_a, corner_web_ring,
          uniq_jessica
D:3:      layout_loops_cross, marbit_many_paths, nicolae_overflow_hidden_temple,
          uniq_grinder, uniq_ijyb

Skill      XL: |  1  2  3  4 |
---------------+-------------+-----
Axes           | 2 |  2.9
Armour         | 4 |  4.0
Fighting       | |  3.9
Shields        | |  3.7

Action                   |  1- 3 |  4- 6 || total
-------------------------+-------+-------++-------
Melee: War axe           |    87 |    10 ||    97
Armor: Scale mail        |    56 |     1 ||    57
Dodge: Dodged            |    56 |     3 ||    59
Block: Buckler           |    27 |     2 ||    29

Table legend: (Time is in decaauts)
 A = Elapsed time spent in this place.
 B = Non-inter-level travel time spent in this place.
 C = Inter-level travel time spent in this place.
 D = Time resting spent in this place.
 E = Time spent auto-exploring this place.
 F = Levels seen in this place.
 G = Mean time per level.
                   A        B        C        D        E       F      G
               +--------+--------+--------+--------+--------+-----+--------+
         Total |   1599 |   1581 |     18 |     40 |   1266 |   3 |  533.0 |
       Dungeon |   1599 |   1581 |     18 |     40 |   1266 |   3 |  533.0 |
               +--------+--------+--------+--------+--------+-----+--------+

Top non-repeatable levels by time:
     D:1: 894 daAuts
     D:2: 627 daAuts
     D:3: 78 daAuts
